 Dungeon Crawl Stone Soup version 0.22.1-2-g9c5b331383 (webtiles) character file.

25841 Jynx the Unseen (level 12, -7/51 HPs)
             Began as a Spriggan Enchanter on Nov 30, 2018.
             Was a High Priest of Dithmenos.
             Mangled by a swamp worm (24 damage)
             ... on level 3 of the Lair of Beasts.
             The game lasted 00:50:09 (20963 turns).

Jynx the Unseen (Spriggan Enchanter)               Turns: 20963, Time: 00:50:09

Health: -7/51      AC:  7    Str:  8    XL:     12   Next: 93%
Magic:  29/29      EV: 29    Int: 18    God:    Dithmenos [*****.]
Gold:   976        SH:  0    Dex: 20    Spells: 16/35 levels left

rFire    + . .     SeeInvis +   N - +2 dagger (drain)
rCold    + . .     Gourm    .   (shield restricted)
rNeg     . . .     Faith    .   F - +2 robe {rC+ rF+}
rPois    .         Spirit   .   (helmet restricted)
rElec    .         Reflect  .   E - +2 cloak
rCorr    .         Harm     +   (gloves unavailable)
MR       +++..                  (boots unavailable)
Stlth    ++++++++++             r - amulet "Lifaw" {Harm *Drain Str+4 Slay+2}
HPRegen  0.17/turn              u - ring of protection from magic
MPRegen  0.21/turn              K - ring of stealth

@: wreathed by umbra, very quick
A: very small, unfitting armour, see invisible, herbivore, speed 3, slow
metabolism 2
a: Shadow Step, Shadow Form, Renounce Religion


You were on level 3 of the Lair of Beasts.
You worshipped Dithmenos.
Dithmenos was extremely pleased with you.
You were hungry.

You visited 3 branches of the dungeon, and saw 17 of its levels.
You also visited: Ice Cave.

You collected 976 gold pieces.

Inventory:

Hand Weapons
 N - a +2 dagger of draining (weapon)
Armour
 E - a +2 cloak (worn)
 F - a +2 robe of resistance (worn)
Jewellery
 a - an uncursed amulet of regeneration {unknown}
 r - the amulet "Lifaw" (around neck) {Harm *Drain Str+4 Slay+2}
   (You acquired it on level 9 of the Dungeon)

   [amulet of harm]

   It increases damage dealt and taken.
   It affects your strength (+4).
   It affects your accuracy and damage with ranged weapons and melee attacks
   (+2).
   It causes draining when unequipped.
 u - a ring of protection from magic (left hand)
 D - an uncursed ring of resist corrosion
 K - a ring of stealth (right hand)
Wands
 b - a wand of acid (28)
 q - a wand of digging (9)
 t - a wand of polymorph (22)
 w - a wand of disintegration (13)
 y - a wand of enslavement (26)
 J - a wand of random effects (49)
 M - a wand of paralysis (17)
Scrolls
 c - 7 scrolls of teleportation
 f - 3 scrolls of magic mapping
 m - 10 scrolls of remove curse
 s - a scroll of vulnerability
 v - 3 scrolls of amnesia
 x - a scroll of fog
 G - a scroll of silence
 H - a scroll of fear
 I - a scroll of enchant armour
 L - a scroll of blinking
 O - a scroll of identify
Potions
 e - 9 potions of curing
 g - 3 potions of haste
 h - a potion of flight
 i - 5 potions of agility
 j - 4 potions of resistance
 k - 2 potions of magic
 l - a potion of might
 n - 8 potions of lignification
 o - 3 potions of mutation
 p - 5 potions of brilliance
 z - a potion of ambrosia {unknown}
 A - a potion of invisibility
 B - 2 potions of heal wounds {unknown}
 C - a potion of degeneration {unknown}
Comestibles
 d - 19 rations


   Skills:
 - Level 10.5 Short Blades
 * Level 12.2 Dodging
 + Level 15.3 Stealth
 + Level 12.1 Spellcasting
 - Level 12.9 Hexes
 - Level 3.2 Transmutations


You had 16 spell levels left.
You knew the following spells:

 Your Spells              Type           Power        Failure   Level  Hunger
a - Corona                Hex            ######.      1%          1    None
b - Ensorcelled Hibernat  Hex/Ice        ####..       1%          2    None
c - Confuse               Hex            ######..     1%          3    None
d - Tukima's Dance        Hex            ######..     1%          3    None
e - Dazzling Spray        Conj/Hex       ####..       1%          3    None
f - Spider Form           Tmut/Pois      ###.......   10%         3    None
g - Ice Form              Ice/Tmut       ###.....     32%         4    ##.....

Your spell library contained the following spells:

 Spells                   Type           Power        Failure   Level  Hunger
 Beastly Appendage        Tmut           ###...       1%          1    None
 Confusing Touch          Hex            ######       1%          1    None
 Slow                     Hex            ######..     1%          2    None
 Sticks to Snakes         Tmut           ###.....     2%          2    None
 Animate Skeleton         Necr           N/A          6%          1    None
 Apportation              Tloc           ##....       6%          1    None
 Magic Dart               Conj           ##..         6%          1    None
 Summon Small Mammal      Summ           ##..         6%          1    None
 Blink                    Tloc           N/A          10%         2    None
 Call Imp                 Summ           ##......     10%         2    None
 Corpse Rot               Necr           N/A          10%         2    None
 Sublimation of Blood     Necr           ##........   10%         2    None
 Conjure Flame            Conj/Fire      ##......     19%         3    None
 Mephitic Cloud           Conj/Pois/Air  ##......     19%         3    None
 Blade Hands              Tmut           ###.......   43%         5    ####...
 Agony                    Necr           ##......     87%         5    ####...
 Bolt of Draining         Conj/Necr      ##........   87%         5    ####...
 Dispel Undead            Necr           ##......     87%         5    ####...
 Excruciating Wounds      Chrm/Necr      ##........   87%         5    ####...


Dungeon Overview and Level Annotations

Branches:
Dungeon (12/15)            Temple (1/1) D:4            Lair (4/6) D:10
  Snake (0/4) Lair:4
  Swamp: Lair:2-4    Shoals: Lair:2-4       Orc: D:9-12

Altars:
Ashenzari
Cheibriados
Dithmenos
Elyvilon
Fedhas
Gozag
Hepliaklqana
Kikubaaqudgha
Makhleb
Nemelex Xobeh
Okawaru
Qazlal
Ru
Sif Muna
Trog
Uskayaw
Vehumet
Wu Jian
Xom
Yredelemnul
Zin
The Shining One

Shops:
D:7 %

Annotations:
D:6 1 runed door
Lair:2 2 transporters, Bafeivaq's ghost, journeyman DsWz


Innate Abilities, Weirdness & Mutations

You are very small and have problems with some larger weapons.
You are too small for most types of armour.
You have supernaturally acute eyesight. (SInv)
You are a herbivore.
You cover ground extremely quickly.
You need to consume almost no food.


Message History

You start resting.
Magic restored.
You start resting.
HP restored.
You see here a dream sheep skeleton.
There is a stone staircase leading down, spattered with blood here.
You climb downwards.
The dream sheep completely misses you. The dream sheep closely misses you.
The swamp worm barely misses you.
There is a stone staircase leading up, spattered with blood here.
The dream sheep shake their wool and sparkle.
You feel drowsy...
You fall asleep.
The swamp worm closely misses you. The dream sheep barely misses you.
The swamp worm misses you. The dream sheep misses you.
The dream sheep bites you!!
You wake up.
Ouch! That really hurt!
You emit a cloud of dark smoke.
You climb upwards.
There is a stone staircase leading down, spattered with blood here.
The swamp worm bites you!!
You die...

##..P.##.# ##..............#
........#####.#....#..##..###
...##...........P########†.#
...##..##.##.##.## ##.##
...##.########### #..#
#.###.## ##.# ###
#..################ #.#
##.#.##.#.##.Pw#...###.#
#............@>Y.......#
#..###.###...####P##.### ####
### ###.# ###### ###


You could see a swamp worm and a dream sheep.

Vanquished Creatures
  A hydra (Lair:3)
  4 two-headed ogres
  5 death yaks
  An unseen horror (D:7)
  2 elephants (Lair:4)
  A cyclops (D:10)
  A black mamba (Lair:3)
  Joseph (D:8)
  2 spiny frogs
  Psyche (D:9)
  A komodo dragon (Lair:1)
  A rime drake (Lair:4)
  3 ice devils (IceCv)
  A queen bee (D:9)
  A merfolk (D:9)
  5 hippogriffs
  4 dream sheep (Lair:3)
  5 blink frogs
  11 yaks
  2 steam dragons
  2 basilisks
  A hungry ghost (D:11)
  2 insubstantial wisps (D:11)
  4 nagas (Lair:4)
  An acid dragon (D:11)
  4 water moccasins
  11 porcupines
  Duvessa (D:5)
  3 sky beasts (D:11)
  A hornet zombie (D:7)
  3 orc warriors
  4 black bears
  An ice beast (D:9)
  2 necrophages
  7 phantoms
  An eye of draining (D:7)
  2 ogres
  A wolf (D:10)
  7 centaurs
  2 big kobolds
  11 crocodiles
  5 bullfrogs
  Blork the orc (D:6)
  Dowan (D:5)
  A water moccasin zombie (D:10)
  A wyvern skeleton (D:7)
  6 scorpions
  38 killer bees
  7 wights
  2 howler monkeys (D:10)
  2 centaur zombies
  5 crimson imps
  3 centaur skeletons
  5 hounds
  4 orc priests
  4 bullfrog skeletons
  A jelly (D:8)
  11 orc wizards
  2 iguanas
  5 worker ants
  A hound zombie (D:10)
  5 worker ant zombies
  A gnoll (D:2)
  A howler monkey skeleton (D:7)
  9 adders
  4 shadow imps
  An ooze (D:5)
  An adder skeleton (D:8)
  2 worms
  2 dart slugs
  6 leopard geckos
  51 orcs
  6 giant cockroaches
  10 goblins
  6 hobgoblins
  11 jackals
  3 quokkas
  A ball python (D:3)
  6 bats
  4 frilled lizards
  14 kobolds
  A quokka skeleton (D:9)
  4 rats
378 creatures vanquished.

Vanquished Creatures (collateral kills)
  2 ogres
  2 killer bees
  A wight (D:10)
  An orc priest (D:8)
  An orc wizard (D:3)
  8 orcs
15 creatures vanquished.

Vanquished Creatures (others)
  2 dancing weapons (D:6)
  A killer bee (D:9)
  An orc (D:9)
  2 bushes (D:10)
  7 fungi
  24 plants
37 creatures vanquished.

Grand Total: 430 creatures vanquished

Notes
Turn   | Place    | Note
-------+----------+-------------------------------------------
     0 | D:1      | Jynx the Spriggan Enchanter began the quest for the Orb.
     0 | D:1      | Reached XP level 1. HP: 9/9 MP: 5/5
   853 | D:2      | Reached XP level 2. HP: 12/13 MP: 6/6
   918 | D:2      | Learned a level 2 spell: Ensorcelled Hibernation
  1054 | D:2      | Found a glowing silver altar of Zin.
  1205 | D:2      | Found a stormy altar of Qazlal.
  1499 | D:2      | Reached XP level 3. HP: 16/16 MP: 5/8
  1529 | D:2      | Reached skill level 5 in Stealth
  2484 | D:3      | Learned a level 3 spell: Confuse
  2628 | D:3      | Found a snail-covered altar of Cheibriados.
  2635 | D:3      | Found a glowing golden altar of the Shining One.
  2636 | D:3      | Found an opulent altar of Gozag.
  2636 | D:3      | Found a deep blue altar of Sif Muna.
  2636 | D:3      | Found a bloodstained altar of Trog.
  2637 | D:3      | Found a blossoming altar of Fedhas.
  2637 | D:3      | Found a white marble altar of Elyvilon.
  2651 | D:3      | Reached XP level 4. HP: 20/21 MP: 7/10
  2842 | D:3      | Learned a level 3 spell: Tukima's Dance
  3082 | D:3      | Reached skill level 5 in Hexes
  3106 | D:3      | Reached XP level 5. HP: 17/24 MP: 1/11
  3895 | D:4      | Found a shadowy altar of Dithmenos.
  4030 | D:4      | Reached skill level 6 in Stealth
  4177 | D:4      | Reached XP level 6. HP: 28/28 MP: 13/13
  4200 | D:4      | Found a basalt altar of Yredelemnul.
  4907 | D:4      | Found a staircase to the Ecumenical Temple.
  4913 | Temple   | Entered the Ecumenical Temple
  5246 | D:5      | Entered Level 5 of the Dungeon
  5431 | D:5      | Noticed Duvessa
  5433 | D:5      | Noticed Dowan
  5777 | D:5      | Killed Duvessa
  6157 | D:5      | Reached XP level 7. HP: 32/32 MP: 9/15
  6331 | D:5      | Reached skill level 7 in Stealth
  6501 | D:5      | Reached skill level 5 in Spellcasting
  6624 | D:5      | Killed Dowan
  6648 | D:5      | Found a shadowy altar of Dithmenos.
  6725 | D:5      | Found a burning altar of Makhleb.
  6755 | D:5      | Became a worshipper of Dithmenos the Shadowed
  6877 | D:6      | Found a shattered altar of Ashenzari.
  7305 | D:6      | Reached XP level 8. HP: 36/36 MP: 10/17
  7424 | D:6      | Found a runed door.
  7618 | D:6      | Noticed Blork the orc
  7625 | D:6      | Killed Blork the orc
  7625 | D:6      | Reached skill level 8 in Stealth
  7873 | D:7      | Found a bloodstained altar of Trog.
  7876 | D:7      | Reached skill level 5 in Short Blades
  7881 | D:7      | Learned a level 3 spell: Dazzling Spray
  8095 | D:7      | Noticed a hippogriff
  8099 | D:7      | Killed a hippogriff
  8148 | D:7      | Reached * piety under Dithmenos
  8148 | D:7      | Reached skill level 9 in Stealth
  8160 | D:7      | Noticed a hippogriff
  8211 | D:7      | Reached XP level 9. HP: 23/39 MP: 8/20
  8425 | D:7      | Reached skill level 10 in Hexes
  8734 | D:7      | Reached skill level 10 in Stealth
  8899 | D:7      | Noticed an unseen horror
  8902 | D:7      | Killed an unseen horror
  9080 | D:7      | Reached ** piety under Dithmenos
  9418 | D:7      | Found Wammaom's Food Shoppe.
  9756 | D:8      | Found an ornate altar of the Wu Jian Council.
  9816 | D:8      | Noticed a two-headed ogre
  9824 | D:8      | Killed a two-headed ogre
  9824 | D:8      | Reached skill level 11 in Stealth
  9824 | D:8      | Reached XP level 10. HP: 26/44 MP: 5/23
 10270 | D:8      | Noticed Joseph
 10286 | D:8      | Killed Joseph
 10440 | D:8      | You fall through a shaft for 2 floors!
 10440 | D:10     | Entered Level 10 of the Dungeon
 10773 | D:9      | Reached *** piety under Dithmenos
 10881 | D:9      | Noticed a two-headed ogre
 10888 | D:9      | Killed a two-headed ogre
 10903 | D:9      | Noticed Psyche
 10903 | D:9      | Noticed a two-headed ogre
 10906 | D:9      | Killed a two-headed ogre
 10906 | D:9      | Reached skill level 12 in Stealth
 10911 | D:9      | Killed Psyche
 11055 | D:9      | Reached XP level 11. HP: 47/47 MP: 25/25
 12200 | D:9      | Reached **** piety under Dithmenos
 13031 | D:9      | Identified a scroll of acquirement
 13034 | D:9      | Got a flickering amethyst amulet
 13035 | D:9      | Identified the amulet "Lifaw" {Harm *Drain Str+4 Slay+2}
                  | (You acquired it on level 9 of the Dungeon)
 13252 | D:10     | Noticed a two-headed ogre
 13293 | D:10     | Killed a two-headed ogre
 13293 | D:10     | Reached skill level 10 in Spellcasting
 13397 | D:10     | Reached skill level 5 in Dodging
 13675 | D:10     | Reached skill level 13 in Stealth
 13863 | D:10     | Found a staircase to the Lair.
 13982 | D:10     | Reached ***** piety under Dithmenos
 14097 | D:10     | Reached skill level 10 in Short Blades
 15920 | Lair:1   | Entered Level 1 of the Lair of Beasts
 16194 | Lair:1   | Found a labyrinth entrance.
 16357 | Lair:1   | Reached XP level 12. HP: 51/51 MP: 23/27
 16837 | Lair:2   | Noticed a death yak
 16838 | Lair:2   | Noticed a death yak
 16841 | Lair:2   | Noticed a death yak
 16841 | Lair:2   | Noticed a death yak
 16922 | Lair:2   | Noticed a death yak
 16933 | Lair:2   | Killed a death yak
 16933 | Lair:2   | Reached skill level 14 in Stealth
 17151 | Lair:2   | Noticed Bafeivaq's ghost (journeyman DsWz)
 17157 | Lair:2   | Found a transporter.
 17160 | Lair:2   | Found a transporter.
 17303 | Lair:2   | Killed a death yak
 17312 | Lair:2   | Killed a death yak
 17500 | Lair:2   | Killed a death yak
 18180 | Lair:3   | Reached skill level 10 in Dodging
 18283 | Lair:3   | Learned a level 3 spell: Spider Form
 18288 | Lair:3   | Learned a level 4 spell: Ice Form
 18305 | Lair:3   | Found a frozen archway.
 18315 | IceCv    | Entered an ice cave
 18346 | IceCv    | Reached skill level 1 in Transmutations
 18796 | Lair:3   | Killed a death yak
 19567 | Lair:3   | Noticed an eight-headed hydra
 19573 | Lair:3   | Killed an eight-headed hydra
 19573 | Lair:3   | Reached skill level 15 in Stealth
 20205 | Lair:4   | Found a staircase to the Snake Pit.
 20963 | Lair:3   | Mangled by a swamp worm

Skill      XL: |  1  2  3  4  5  6  7  8  9 10 11 12 |
---------------+-------------------------------------+-----
Hexes          | 4 5 6 7 9 11 12 | 12.9
Spellcasting   | 3 4 5 6 8 9 10 12 | 12.1
Stealth        | 5 6 7 9 11 12 13 15 | 15.3
Short Blades   | 2 3 4 5 7 8 10 | 10.5
Dodging        | 7 12 | 12.2
Transmutations | 3 |  3.2

Action                   |  1- 3 |  4- 6 |  7- 9 | 10-12 || total
-------------------------+-------+-------+-------+-------++-------
Melee: Dagger            |   132 |   265 |   314 |   776 ||  1487
       Unarmed           |       |       |       |     5 ||     5
 Cast: Corona            |     5 |     5 |     2 |     2 ||    14
       Ensorcelled Hiber |    16 |    33 |    10 |     7 ||    66
       Tukima's Dance    |       |     5 |    11 |    20 ||    36
       Confuse           |       |    11 |    41 |   165 ||   217
       Dazzling Spray    |       |       |       |    33 ||    33
       Spider Form       |       |       |       |     1 ||     1
  Use: Scroll            |     4 |     9 |     8 |    14 ||    35
       Potion            |       |     1 |       |       ||     1
 Stab: Sleeping          |    15 |    24 |    25 |    49 ||   113
       Confused          |       |     7 |    31 |   106 ||   144
       Distracted        |       |       |     2 |     5 ||     7
       Invisible         |       |       |       |     7 ||     7
  Eat: Ration            |       |     3 |     3 |     6 ||    12
Armor: Robe              |    16 |    20 |    12 |    28 ||    76
Dodge: Dodged            |   123 |   242 |   168 |   456 ||   989
